Predators vs Capitals
Created - February 8, 2024 at 19:08
Goals
|
| Predators |
0 |
1 |
1 |
2 |
| Capitals |
0 |
2 |
1 |
3 |
|
Shots
|
| Predators |
8 |
8 |
9 |
25 |
| Capitals |
9 |
14 |
8 |
31 |
|
1st period
No Goal
Penalties :
Nicolas Kerdiles (Nas) for Holding (Minor) at 8:18, Jack Eichel (Nas) for Holding (Minor) at 16:09
2nd period
1. Capitals , Nicklas Backstrom 12 (Brandon Gormley 22, Patrick Kane 26) at 9:20 (PP)
2. Predators , Scott Laughton 11 (Travis Dermott 12, Mark Pysyk 10) at 17:47
3. Capitals , Bobby Ryan 18 (Blake Pietila 17, Cody Hodgson 21) at 17:51
Penalties :
Mikael Granlund (Nas) for Interference (Minor) at 9:17
3rd period
4. Capitals , Steve Downie 6 (Jujhar Khaira 9, Joe Colborne 9) at 6:28
5. Predators , Jaden Schwartz 16 (Reilly Smith 19, Jack Eichel 22) at 7:40
Penalties :
Markus Granlund (Nas) for Hooking (Minor) at 2:07, Andreas Englund (Nas) for Hooking (Minor) at 11:06, Jaden Schwartz (Nas) for Tripping (Minor) at 14:17
Goalie Stats
Michal Neuvirth (Nas), 28 saves from 31 shots - (0.903), L, 8-12-2, 60:00 minutes
Cory Schneider (Was), 23 saves from 25 shots - (0.920), W, 24-15-2, 60:00 minutes
Players Stats for Predators
Player Name G A P +/- PIM S H SB GA TA FO MP PP MP PK MP
------------------------------------------------------------------------------------
Alexander Ovechkin 0 0 0 -2 0 5 4 0 1 0 7/15 24:17 0:00 5:52
Andreas Englund 0 0 0 2 2 0 0 0 0 1 0/0 11:39 0:00 0:00
Andy Miele 0 0 0 -1 0 1 2 0 0 0 11/25 14:50 0:00 0:25
Jack Eichel 0 1 1 1 2 1 1 0 0 0 7/11 16:49 0:00 0:00
Jaden Schwartz 1 0 1 1 2 6 1 0 1 0 1/2 20:30 0:00 2:57
Joel Armia 0 0 0 -1 0 0 1 0 0 1 0/0 6:57 0:00 0:00
John Moore 0 0 0 -1 0 1 1 0 0 4 0/0 23:57 0:00 5:47
Josh Morrissey 0 0 0 -1 0 0 0 1 0 3 0/0 20:01 0:00 4:11
Justin Faulk 0 0 0 -1 0 1 0 1 1 0 0/0 20:01 0:00 4:11
Mark Pysyk 0 1 1 1 0 1 2 0 0 0 0/0 12:35 0:00 0:00
Markus Granlund 0 0 0 -1 2 2 0 0 0 0 0/1 7:01 0:00 0:00
Mikael Granlund 0 0 0 -1 2 0 1 0 1 0 0/0 20:15 0:00 5:46
Nicolas Kerdiles 0 0 0 1 2 0 0 0 0 0 0/0 12:44 0:00 0:17
Reilly Smith 0 1 1 1 0 4 1 0 0 0 0/0 19:34 0:00 2:58
Ryan Mcdonagh 0 0 0 -1 0 2 2 2 0 0 0/0 27:40 0:00 5:47
Scott Laughton 1 0 1 1 0 1 3 1 0 1 0/2 13:56 0:00 1:41
T.J Brodie 0 0 0 0 0 0 0 0 0 0 0/0 5:59 0:00 0:00
Travis Dermott 0 1 1 2 0 0 0 0 1 0 0/0 11:11 0:00 0:00
Players Stats for Capitals
Player Name G A P +/- PIM S H SB GA TA FO MP PP MP PK MP
------------------------------------------------------------------------------------
Alexei Marchenko 0 0 0 -1 0 0 0 0 1 0 0/0 21:58 4:05 0:00
Blake Pietila 0 1 1 1 0 3 2 0 1 1 1/1 17:03 4:28 0:00
Bobby Ryan 1 0 1 1 0 1 1 1 0 0 1/1 17:03 4:28 0:00
Brandon Burlon 0 0 0 -1 0 0 0 2 1 1 0/0 21:58 4:05 0:00
Brandon Gormley 0 1 1 0 0 1 1 1 0 2 0/0 25:37 5:53 0:00
Cody Hodgson 0 1 1 1 0 5 3 0 0 0 5/10 17:03 4:28 0:00
Jeff Skinner 0 0 0 0 0 0 0 0 0 0 0/0 8:27 0:00 0:00
Joe Colborne 0 1 1 1 0 1 0 0 0 0 3/6 11:32 0:00 0:00
Jujhar Khaira 0 1 1 1 0 2 1 1 0 0 1/1 11:32 0:00 0:00
Martin Marincin 0 0 0 1 0 1 1 0 0 0 0/0 12:25 0:00 0:00
Mike Green 0 0 0 0 0 2 1 1 0 0 0/0 25:37 5:53 0:00
Nicklas Backstrom 1 0 1 -2 0 5 1 0 2 0 14/27 22:58 5:30 0:00
Patrick Kane 0 1 1 -2 0 3 2 0 2 0 1/4 22:58 5:30 0:00
Phil Kessel 0 0 0 0 0 0 0 1 0 0 0/0 8:27 0:00 0:00
Sergey Kalinin 0 0 0 0 0 0 0 0 1 0 1/3 8:27 0:00 0:00
Shea Theodore 0 0 0 1 0 1 0 0 0 0 0/0 12:25 0:00 0:00
Steve Downie 1 0 1 1 0 2 4 0 0 0 1/1 11:32 0:00 0:00
Taylor Hall 0 0 0 -2 0 4 0 1 2 1 2/2 22:58 5:30 0:00
3 Stars
1 - Steve Downie (Was)
2 - Scott Laughton (Nas)
3 - Bobby Ryan (Was)
Power Play
Predators - 0 on 0 Attempt(s) - 0.00%
Capitals - 1 on 6 Attempt(s) - 16.67%
Penalty Kill
Predators - 5 on 6 Attempt(s) - 83.33%
- Score 0 goal in Penalty Kill
Capitals - 0 on 0 Attempt(s) - 0.00%
- Score 0 goal in Penalty Kill
Team Stat
Predators - Hits : 19 - Faceoff Wins : 26 - Blocked Shots : 5 - Penalty Minutes : 12
Capitals - Hits : 17 - Faceoff Wins : 30 - Blocked Shots : 8 - Penalty Minutes : 0
Official
Referees : Justin St. Pierre and Kevin Pollock
Linesman : Scott Cherrey and Trent Knorr
Game Notes
12:56 of 2nd period - Capitals goal is going for a video replay. After video review, No Goal. The puck has entered the net after making contact with an attacking player’s stick that is above the height of the crossbar.
Finance
Level 1 -- Attendance: 6000 (100.00%) -- Ticket Income $600,000
Level 2 -- Attendance: 4575 (91.50%) -- Ticket Income $274,500
Level 3 -- Attendance: 2000 (100.00%) -- Ticket Income $70,000
Level 4 -- Attendance: 4000 (100.00%) -- Ticket Income $100,000
Luxury Box -- Attendance: 925 (92.50%) -- Ticket Income $185,000
Game was played at the Capital One Arena.
Total Attendance: 17500 (97.22%)
Total Ticket Income: $1,229,500
Other Income: $184,425
Total Income: $1,413,925
Predators
5 vs 5 Forward
Center Left Wing Right Wing Time % Phy DF OF
1 Andy Miele Alexander Ovechkin Mikael Granlund 40 1 2 2
2 Jack Eichel Jaden Schwartz Reilly Smith 30 1 2 2
3 Scott Laughton Nicolas Kerdiles Mark Pysyk 20 1 2 2
4 Markus Granlund Alexander Ovechkin Joel Armia 10 1 2 2
5 vs 5 Defense
Defense Defense Time % Phy DF OF
1 Ryan Mcdonagh John Moore 40 1 2 2
2 Justin Faulk Josh Morrissey 30 1 2 2
3 Andreas Englund Travis Dermott 20 1 2 2
4 T.J Brodie Ryan Mcdonagh 10 1 2 2
PowerPlay Forward
Center Left Wing Right Wing Time % Phy DF OF
1 Andy Miele Alexander Ovechkin Mikael Granlund 60 1 2 2
2 Jack Eichel Jaden Schwartz Reilly Smith 40 1 2 2
PowerPlay Defense
Defense Defense Time % Phy DF OF
1 Ryan Mcdonagh John Moore 60 1 2 2
2 Justin Faulk Josh Morrissey 40 1 2 2
Penalty Kill 4 Players Forward
Center Wing Time % Phy DF OF
1 Alexander Ovechkin Mikael Granlund 60 1 2 2
2 Jaden Schwartz Reilly Smith 40 1 2 2
Penalty Kill 4 Players Defense
Defense Defense Time % Phy DF OF
1 Ryan Mcdonagh John Moore 60 1 2 2
2 Justin Faulk Josh Morrissey 40 1 2 2
Penalty Kill - 3 Players Forward
Forward Time % Phy DF OF
1 Alexander Ovechkin 60 1 2 2
2 Mikael Granlund 40 1 2 2
Penalty Kill - 3 Players Defense
Defense Defense Time % Phy DF OF
1 Ryan Mcdonagh John Moore 60 1 2 2
2 Justin Faulk Josh Morrissey 40 1 2 2
4 vs 4 Forward
Center Wing Time % Phy DF OF
1 Alexander Ovechkin Mikael Granlund 60 1 2 2
2 Jaden Schwartz Reilly Smith 40 1 2 2
4 vs 4 Defense
Defense Defense Time % Phy DF OF
1 Ryan Mcdonagh John Moore 60 1 2 2
2 Justin Faulk Josh Morrissey 40 1 2 2
Last Minutes Offensive
Center Left Wing Right Wing Defense Defense
Andy Miele Alexander Ovechkin Mikael Granlund Ryan Mcdonagh John Moore
Last Minutes Defensive
Center Left Wing Right Wing Defense Defense
Andy Miele Alexander Ovechkin Mikael Granlund Ryan Mcdonagh John Moore
Goaltenders
Starting : Michal Neuvirth
Backup : Kari Lehtonen
Extra Forwards
Normal : Mark Pysyk, Nicolas Kerdiles, Scott Laughton - PP : Mark Pysyk, Nicolas Kerdiles - PK : Scott Laughton
Extra Defensemen
Normal : Andreas Englund, Travis Dermott, T.J Brodie - PP : Andreas Englund - PK : Travis Dermott, T.J Brodie
Penalty Shots
Alexander Ovechkin, Mikael Granlund, Jaden Schwartz, Reilly Smith, Andy Miele
Custom OT Lines Forwards
Alexander Ovechkin, Mikael Granlund, Jaden Schwartz, Reilly Smith, Andy Miele, Jack Eichel, Mark Pysyk, Nicolas Kerdiles, Scott Laughton, Markus Granlund
Custom OT Lines Defensemen
Ryan Mcdonagh, John Moore, Justin Faulk, Josh Morrissey, Andreas Englund
Scratches
Claude Giroux (Strained Right Elbow Injury)
Capitals
5 vs 5 Forward
Center Left Wing Right Wing Time % Phy DF OF
1 Nicklas Backstrom Taylor Hall Patrick Kane 40 0 1 4
2 Cody Hodgson Blake Pietila Bobby Ryan 30 0 1 4
3 Joe Colborne Jujhar Khaira Steve Downie 20 0 2 3
4 Sergey Kalinin Jeff Skinner Phil Kessel 10 0 2 3
5 vs 5 Defense
Defense Defense Time % Phy DF OF
1 Brandon Gormley Mike Green 40 0 2 3
2 Alexei Marchenko Brandon Burlon 30 0 3 2
3 Shea Theodore Martin Marincin 20 0 3 2
4 Brandon Gormley Mike Green 10 0 3 2
PowerPlay Forward
Center Left Wing Right Wing Time % Phy DF OF
1 Nicklas Backstrom Taylor Hall Patrick Kane 60 0 0 5
2 Cody Hodgson Blake Pietila Bobby Ryan 40 0 0 5
PowerPlay Defense
Defense Defense Time % Phy DF OF
1 Brandon Gormley Mike Green 60 0 2 3
2 Alexei Marchenko Brandon Burlon 40 0 2 3
Penalty Kill 4 Players Forward
Center Wing Time % Phy DF OF
1 Sergey Kalinin Patrick Kane 60 0 3 2
2 Joe Colborne Jujhar Khaira 40 0 3 2
Penalty Kill 4 Players Defense
Defense Defense Time % Phy DF OF
1 Martin Marincin Mike Green 60 0 4 1
2 Alexei Marchenko Brandon Gormley 40 0 4 1
Penalty Kill - 3 Players Forward
Forward Time % Phy DF OF
1 Taylor Hall 60 0 5 0
2 Patrick Kane 40 0 5 0
Penalty Kill - 3 Players Defense
Defense Defense Time % Phy DF OF
1 Martin Marincin Mike Green 60 0 5 0
2 Brandon Gormley Alexei Marchenko 40 0 5 0
4 vs 4 Forward
Center Wing Time % Phy DF OF
1 Taylor Hall Patrick Kane 60 0 1 4
2 Nicklas Backstrom Bobby Ryan 40 0 1 4
4 vs 4 Defense
Defense Defense Time % Phy DF OF
1 Brandon Gormley Mike Green 60 0 2 3
2 Alexei Marchenko Brandon Burlon 40 0 3 2
Last Minutes Offensive
Center Left Wing Right Wing Defense Defense
Nicklas Backstrom Taylor Hall Patrick Kane Shea Theodore Mike Green
Last Minutes Defensive
Center Left Wing Right Wing Defense Defense
Nicklas Backstrom Taylor Hall Patrick Kane Martin Marincin Mike Green
Goaltenders
Starting : Cory Schneider
Backup : Chet Pickard
Extra Forwards
Normal : Patrick Kane, Taylor Hall, Nicklas Backstrom - PP : Patrick Kane, Taylor Hall - PK : Patrick Kane
Extra Defensemen
Normal : Mike Green, Brandon Gormley, Alexei Marchenko - PP : Mike Green - PK : Mike Green, Martin Marincin
Penalty Shots
Taylor Hall, Patrick Kane, Nicklas Backstrom, Bobby Ryan, Cody Hodgson
Custom OT Lines Forwards
Taylor Hall, Patrick Kane, Nicklas Backstrom, Bobby Ryan, Cody Hodgson, Blake Pietila, Jujhar Khaira, Steve Downie, Jeff Skinner, Phil Kessel
Custom OT Lines Defensemen
Brandon Gormley, Mike Green, Alexei Marchenko, Brandon Burlon, Shea Theodore
Scratches
None
% Time on Ice - Predators
Lines # - Real PCT - Wanted PCT - Time Play
Normal Forward
1 - 29% - 40% - 14:01
2 - 35% - 30% - 17:22
3 - 22% - 20% - 10:47
4 - 14% - 10% - 6:57
Normal Defense
1 - 35% - 40% - 17:15
2 - 32% - 30% - 15:50
3 - 23% - 20% - 11:11
4 - 10% - 10% - 4:51
PP Forward
1 - 0% - 60%
2 - 0% - 40%
PP Defense
1 - 0% - 60%
2 - 0% - 40%
PK Forward
1 - 70% - 60% - 7:00
2 - 30% - 40% - 2:58
PK Defense
1 - 58% - 60% - 5:47
2 - 42% - 40% - 4:11
PK3 Forward
1 - 0% - 60%
2 - 0% - 40%
PK3 Defense
1 - 0% - 60%
2 - 0% - 40%
44 Forward
1 - 0% - 60%
2 - 0% - 40%
44 Defense
1 - 0% - 60%
2 - 0% - 40%
Last Minute Offensive - 0:55
Last Minute Defensive - 0:00
Total
Forward - 60:00
Defense - 60:00
|
% Time on Ice - Capitals
Lines # - Real PCT - Wanted PCT - Time Play
Normal Forward
1 - 34% - 40% - 16:34
2 - 26% - 30% - 12:35
3 - 23% - 20% - 11:32
4 - 17% - 10% - 8:27
Normal Defense
1 - 36% - 40% - 17:49
2 - 35% - 30% - 16:59
3 - 25% - 20% - 12:25
4 - 4% - 10% - 1:55
PP Forward
1 - 55% - 60% - 5:30
2 - 45% - 40% - 4:28
PP Defense
1 - 59% - 60% - 5:53
2 - 41% - 40% - 4:05
PK Forward
1 - 0% - 60%
2 - 0% - 40%
PK Defense
1 - 0% - 60%
2 - 0% - 40%
PK3 Forward
1 - 0% - 60%
2 - 0% - 40%
PK3 Defense
1 - 0% - 60%
2 - 0% - 40%
44 Forward
1 - 0% - 60%
2 - 0% - 40%
44 Defense
1 - 0% - 60%
2 - 0% - 40%
Last Minute Offensive - 0:00
Last Minute Defensive - 0:54
Total
Forward - 60:00
Defense - 60:00
|
Play-by-Play
1st period
0:01 of 1st period - Andy Miele wins face-off versus Nicklas Backstrom in neutral zone.
0:14 of 1st period - Wrist shot by Mikael Granlund.
0:14 of 1st period - Shot Blocked by Brandon Gormley.
0:26 of 1st period - Brandon Gormley is hit by Mark Pysyk.
0:47 of 1st period - Icing by Mark Pysyk.
0:48 of 1st period - Joe Colborne wins face-off versus Scott Laughton in Predators zone.
0:57 of 1st period - Slapshot by Joe Colborne.
0:57 of 1st period - Deflect By Jujhar Khaira.
0:57 of 1st period - Stopped by Michal Neuvirth without a rebound.
0:58 of 1st period - Jack Eichel wins face-off versus Joe Colborne in Predators zone.
1:05 of 1st period - Snap shot by Joe Colborne.
1:05 of 1st period - Stopped by Michal Neuvirth without a rebound.
1:06 of 1st period - Jack Eichel wins face-off versus Sergey Kalinin in Predators zone.
1:10 of 1st period - Off-side.
1:11 of 1st period - Alexander Ovechkin wins face-off versus Sergey Kalinin in neutral zone.
1:24 of 1st period - Wrist shot by Andy Miele.
1:24 of 1st period - Deflect By Alexander Ovechkin.
1:24 of 1st period - Stopped by Cory Schneider without a rebound.
1:25 of 1st period - Jack Eichel wins face-off versus Nicklas Backstrom in Capitals zone.
1:26 of 1st period - Snap shot by Reilly Smith.
1:26 of 1st period - Shot Misses the Net.
1:28 of 1st period - Snap shot by Reilly Smith.
1:28 of 1st period - Shot Misses the Net.
1:52 of 1st period - Alexander Ovechkin is hit by Mike Green and loses puck.
2:08 of 1st period - Icing by Brandon Gormley.
2:09 of 1st period - Joe Colborne wins face-off versus Scott Laughton in Capitals zone.
2:18 of 1st period - Ryan Mcdonagh is hit by Steve Downie and loses puck.
2:47 of 1st period - Alexei Marchenko is hit by Mikael Granlund and loses puck.
3:30 of 1st period - Snap shot by Alexander Ovechkin.
3:30 of 1st period - Stopped by Cory Schneider without a rebound.
3:31 of 1st period - Nicklas Backstrom wins face-off versus Andy Miele in Capitals zone.
3:35 of 1st period - Off-side.
3:36 of 1st period - Andy Miele wins face-off versus Nicklas Backstrom in neutral zone.
3:52 of 1st period - Slapshot by Alexander Ovechkin.
3:52 of 1st period - Shot Misses the Net.
4:07 of 1st period - John Moore is hit by Cody Hodgson and loses puck.
4:14 of 1st period - Wrist shot by Cody Hodgson.
4:14 of 1st period - Stopped by Michal Neuvirth without a rebound.
4:15 of 1st period - Steve Downie wins face-off versus Andy Miele in Predators zone.
4:22 of 1st period - Slapshot by Joe Colborne.
4:22 of 1st period - Shot Misses the Net.
4:32 of 1st period - Snap shot by Andy Miele.
4:32 of 1st period - Shot Misses the Net.
4:42 of 1st period - Brandon Gormley is hit by Scott Laughton and loses puck.
4:55 of 1st period - Snap shot by Mark Pysyk.
4:55 of 1st period - Stopped by Cory Schneider with a rebound.
5:37 of 1st period - Cody Hodgson is hit by Joel Armia and loses puck.
6:36 of 1st period - Slapshot by Ryan Mcdonagh.
6:36 of 1st period - Deflect By Markus Granlund.
6:36 of 1st period - Stopped by Cory Schneider with a rebound.
6:38 of 1st period - Wrist shot by Markus Granlund.
6:38 of 1st period - Stopped by Cory Schneider with a rebound.
6:40 of 1st period - Snap shot by Alexander Ovechkin.
6:40 of 1st period - Shot Misses the Net.
6:42 of 1st period - Slapshot by Ryan Mcdonagh.
6:42 of 1st period - Stopped by Cory Schneider without a rebound.
6:43 of 1st period - Joe Colborne wins face-off versus Jack Eichel in Capitals zone.
6:48 of 1st period - Josh Morrissey is hit by Steve Downie and loses puck.
7:12 of 1st period - Wrist shot by Taylor Hall.
7:12 of 1st period - Shot Misses the Net.
7:14 of 1st period - Slapshot by Shea Theodore.
7:14 of 1st period - Stopped by Michal Neuvirth with a rebound.
7:42 of 1st period - Wrist shot by Blake Pietila.
7:42 of 1st period - Stopped by Michal Neuvirth with a rebound.
8:18 of 1st period - Minor Penalty to Nicolas Kerdiles for Holding.
8:19 of 1st period - Alexander Ovechkin wins face-off versus Nicklas Backstrom in Predators zone.
8:33 of 1st period - Slapshot by Nicklas Backstrom.
8:33 of 1st period - Stopped by Michal Neuvirth without a rebound.
8:34 of 1st period - Alexander Ovechkin wins face-off versus Nicklas Backstrom in Predators zone.
10:13 of 1st period - Scott Laughton is hit by Brandon Gormley and loses puck.
10:18 of 1st period - Penalty to Nicolas Kerdiles is over, Nicolas Kerdiles is back on ice.
11:40 of 1st period - Martin Marincin is hit by Jack Eichel and loses puck.
12:01 of 1st period - Andy Miele is hit by Martin Marincin and loses puck.
12:14 of 1st period - Alexei Marchenko is hit by Ryan Mcdonagh.
12:50 of 1st period - Off-side.
12:51 of 1st period - Alexander Ovechkin wins face-off versus Joe Colborne in neutral zone.
12:56 of 1st period - Brandon Gormley is hit by Alexander Ovechkin and loses puck.
13:39 of 1st period - Snap shot by Jaden Schwartz.
13:39 of 1st period - Stopped by Cory Schneider without a rebound.
13:40 of 1st period - Jack Eichel wins face-off versus Cody Hodgson in Capitals zone.
13:51 of 1st period - Backhand shot by Brandon Gormley.
13:51 of 1st period - Deflect By Cody Hodgson.
13:51 of 1st period - Shot Misses the Net.
13:51 of 1st period - Puck is out of play.
13:52 of 1st period - Andy Miele wins face-off versus Patrick Kane in Predators zone.
15:09 of 1st period - Wrist shot by Nicklas Backstrom.
15:09 of 1st period - Shot Blocked by Josh Morrissey.
15:11 of 1st period - Slapshot by Mike Green.
15:11 of 1st period - Deflect By Nicklas Backstrom.
15:11 of 1st period - Stopped by Michal Neuvirth with a rebound.
15:13 of 1st period - Wrist shot by Taylor Hall.
15:13 of 1st period - Deflect By Nicklas Backstrom.
15:13 of 1st period - Stopped by Michal Neuvirth without a rebound.
15:14 of 1st period - Andy Miele wins face-off versus Cody Hodgson in Predators zone.
15:25 of 1st period - Snap shot by Alexander Ovechkin.
15:25 of 1st period - Stopped by Cory Schneider without a rebound.
15:26 of 1st period - Cody Hodgson wins face-off versus Andy Miele in Capitals zone.
15:37 of 1st period - Slapshot by Cody Hodgson.
15:37 of 1st period - Shot Misses the Net.
16:09 of 1st period - Minor Penalty to Jack Eichel for Holding.
16:10 of 1st period - Nicklas Backstrom wins face-off versus Alexander Ovechkin in Predators zone.
16:15 of 1st period - Snap shot by Patrick Kane.
16:15 of 1st period - Stopped by Michal Neuvirth without a rebound.
16:16 of 1st period - Alexander Ovechkin wins face-off versus Patrick Kane in Predators zone.
16:33 of 1st period - Slapshot by Brandon Gormley.
16:33 of 1st period - Shot Blocked by Ryan Mcdonagh.
17:21 of 1st period - Josh Morrissey is hit by Nicklas Backstrom and loses puck.
18:09 of 1st period - Penalty to Jack Eichel is over, Jack Eichel is back on ice.
19:38 of 1st period - Wrist shot by Mikael Granlund.
19:38 of 1st period - Shot Blocked by Phil Kessel.
19:48 of 1st period - Slapshot by Sergey Kalinin.
19:48 of 1st period - Shot Blocked by Justin Faulk.
Goals for this period are 0 for Predators vs 0 for Capitals.
Shots for this period are 8 for Predators vs 9 for Capitals.
2nd period
0:01 of 2nd period - Nicklas Backstrom wins face-off versus Andy Miele in neutral zone.
0:26 of 2nd period - Snap shot by Reilly Smith.
0:26 of 2nd period - Deflect By Jaden Schwartz.
0:26 of 2nd period - Stopped by Cory Schneider without a rebound.
0:27 of 2nd period - Cody Hodgson wins face-off versus Jack Eichel in Capitals zone.
0:40 of 2nd period - Wrist shot by Cody Hodgson.
0:40 of 2nd period - Stopped by Michal Neuvirth without a rebound.
0:41 of 2nd period - Nicklas Backstrom wins face-off versus Andy Miele in Predators zone.
0:44 of 2nd period - Snap shot by Patrick Kane.
0:44 of 2nd period - Stopped by Michal Neuvirth without a rebound.
0:45 of 2nd period - Nicklas Backstrom wins face-off versus Andy Miele in Predators zone.
0:46 of 2nd period - Snap shot by Taylor Hall.
0:46 of 2nd period - Stopped by Michal Neuvirth with a rebound.
0:48 of 2nd period - Snap shot by Nicklas Backstrom.
0:48 of 2nd period - Shot Blocked by Ryan Mcdonagh.
0:50 of 2nd period - Snap shot by Mike Green.
0:50 of 2nd period - Stopped by Michal Neuvirth with a rebound.
1:00 of 2nd period - Wrist shot by Taylor Hall.
1:00 of 2nd period - Deflect By Nicklas Backstrom.
1:00 of 2nd period - Stopped by Michal Neuvirth without a rebound.
1:01 of 2nd period - Andy Miele wins face-off versus Cody Hodgson in Predators zone.
1:06 of 2nd period - Andy Miele is hit by Bobby Ryan and loses puck.
1:15 of 2nd period - Snap shot by Blake Pietila.
1:15 of 2nd period - Shot Misses the Net.
1:53 of 2nd period - Wrist shot by Steve Downie.
1:53 of 2nd period - Shot Misses the Net.
1:55 of 2nd period - Slapshot by Joe Colborne.
1:55 of 2nd period - Shot Misses the Net.
2:35 of 2nd period - Slapshot by Justin Faulk.
2:35 of 2nd period - Shot Misses the Net.
3:13 of 2nd period - Ryan Mcdonagh is hit by Steve Downie.
5:48 of 2nd period - Shea Theodore is hit by Alexander Ovechkin and loses puck.
6:38 of 2nd period - Snap shot by Jack Eichel.
6:38 of 2nd period - Shot Misses the Net.
7:23 of 2nd period - Andreas Englund is hit by Cody Hodgson and loses puck.
8:34 of 2nd period - Brandon Burlon is hit by Alexander Ovechkin and loses puck.
8:44 of 2nd period - Icing by Alexei Marchenko.
8:45 of 2nd period - Jack Eichel wins face-off versus Joe Colborne in Capitals zone.
9:00 of 2nd period - Snap shot by Jujhar Khaira.
9:00 of 2nd period - Deflect By Steve Downie.
9:00 of 2nd period - Stopped by Michal Neuvirth with a rebound.
9:08 of 2nd period - Snap shot by Jujhar Khaira.
9:08 of 2nd period - Stopped by Michal Neuvirth without a rebound.
9:09 of 2nd period - Nicklas Backstrom wins face-off versus Andy Miele in Predators zone.
9:17 of 2nd period - Minor Penalty to Mikael Granlund for Interference.
9:18 of 2nd period - Nicklas Backstrom wins face-off versus Alexander Ovechkin in Predators zone.
9:18 of 2nd period - Slapshot by Patrick Kane.
9:18 of 2nd period - Shot Misses the Net.
9:20 of 2nd period - Slapshot by Brandon Gormley.
9:20 of 2nd period - Deflect By Nicklas Backstrom.
9:20 of 2nd period - Goal by Nicklas Backstrom - Predators : 0 - Capitals : 1.
9:21 of 2nd period - Taylor Hall wins face-off versus Andy Miele in neutral zone.
9:31 of 2nd period - Icing by John Moore.
9:32 of 2nd period - Andy Miele wins face-off versus Nicklas Backstrom in Predators zone.
9:43 of 2nd period - Slapshot by Andy Miele.
9:43 of 2nd period - Stopped by Cory Schneider without a rebound.
9:44 of 2nd period - Nicklas Backstrom wins face-off versus Andy Miele in Capitals zone.
10:19 of 2nd period - Snap shot by Reilly Smith.
10:19 of 2nd period - Stopped by Cory Schneider without a rebound.
10:20 of 2nd period - Jack Eichel wins face-off versus Patrick Kane in Capitals zone.
10:33 of 2nd period - Slapshot by Jaden Schwartz.
10:33 of 2nd period - Shot Misses the Net.
10:35 of 2nd period - Wrist shot by Josh Morrissey.
10:35 of 2nd period - Shot Blocked by Brandon Burlon.
10:37 of 2nd period - Backhand shot by Josh Morrissey.
10:37 of 2nd period - Shot Blocked by Brandon Burlon.
11:28 of 2nd period - Jeff Skinner is hit by Ryan Mcdonagh and loses puck.
11:39 of 2nd period - Slapshot by Mike Green.
11:39 of 2nd period - Stopped by Michal Neuvirth without a rebound.
11:40 of 2nd period - Nicklas Backstrom wins face-off versus Andy Miele in Predators zone.
11:47 of 2nd period - Wrist shot by Patrick Kane.
11:47 of 2nd period - Shot Misses the Net.
11:59 of 2nd period - Nicklas Backstrom is hit by Andy Miele and loses puck.
12:21 of 2nd period - Mike Green is hit by John Moore and loses puck.
12:50 of 2nd period - Wrist shot by Bobby Ryan.
12:50 of 2nd period - Deflect By Blake Pietila.
12:50 of 2nd period - Stopped by Michal Neuvirth with a rebound.
12:52 of 2nd period - Slapshot by Brandon Gormley.
12:52 of 2nd period - Stopped by Michal Neuvirth with a rebound.
12:54 of 2nd period - Slapshot by Mike Green.
12:54 of 2nd period - Shot Misses the Net.
12:56 of 2nd period - Snap shot by Cody Hodgson.
12:56 of 2nd period - Capitals goal is going for a video replay.
12:56 of 2nd period - The goal is refused. The puck has entered the net after making contact with an attacking player’s stick that is above the height of the crossbar..
12:57 of 2nd period - Andy Miele wins face-off versus Nicklas Backstrom in Predators zone.
13:12 of 2nd period - Wrist shot by Mikael Granlund.
13:12 of 2nd period - Shot Misses the Net.
13:14 of 2nd period - Snap shot by Alexander Ovechkin.
13:14 of 2nd period - Shot Misses the Net.
14:08 of 2nd period - Slapshot by Travis Dermott.
14:08 of 2nd period - Shot Blocked by Taylor Hall.
14:32 of 2nd period - Snap shot by Blake Pietila.
14:32 of 2nd period - Shot Blocked by Scott Laughton.
15:44 of 2nd period - Snap shot by Scott Laughton.
15:44 of 2nd period - Deflect By Jack Eichel.
15:44 of 2nd period - Stopped by Cory Schneider without a rebound.
15:45 of 2nd period - Bobby Ryan wins face-off versus Jaden Schwartz in Capitals zone.
16:00 of 2nd period - Snap shot by Jaden Schwartz.
16:00 of 2nd period - Stopped by Cory Schneider with a rebound.
16:02 of 2nd period - Snap shot by Jaden Schwartz.
16:02 of 2nd period - Stopped by Cory Schneider without a rebound.
16:03 of 2nd period - Nicklas Backstrom wins face-off versus Andy Miele in Capitals zone.
17:17 of 2nd period - Snap shot by Nicolas Kerdiles.
17:17 of 2nd period - Shot Misses the Net.
17:19 of 2nd period - Slapshot by Ryan Mcdonagh.
17:19 of 2nd period - Stopped by Cory Schneider with a rebound.
17:21 of 2nd period - Slapshot by Ryan Mcdonagh.
17:21 of 2nd period - Shot Misses the Net.
17:23 of 2nd period - Backhand shot by Ryan Mcdonagh.
17:23 of 2nd period - Shot Misses the Net.
17:41 of 2nd period - Slapshot by Scott Laughton.
17:41 of 2nd period - Shot Misses the Net.
17:43 of 2nd period - Slapshot by Travis Dermott.
17:43 of 2nd period - Shot Misses the Net.
17:45 of 2nd period - Backhand shot by Mark Pysyk.
17:45 of 2nd period - Shot Misses the Net.
17:47 of 2nd period - Wrist shot by Travis Dermott.
17:47 of 2nd period - Deflect By Scott Laughton.
17:47 of 2nd period - Goal by Scott Laughton - Predators : 1 - Capitals : 1.
17:48 of 2nd period - Cody Hodgson wins face-off versus Andy Miele in neutral zone.
17:51 of 2nd period - Wrist shot by Blake Pietila.
17:51 of 2nd period - Deflect By Bobby Ryan.
17:51 of 2nd period - Goal by Bobby Ryan - Predators : 1 - Capitals : 2.
17:52 of 2nd period - Andy Miele wins face-off versus Nicklas Backstrom in neutral zone.
18:27 of 2nd period - Wrist shot by Blake Pietila.
18:27 of 2nd period - Stopped by Michal Neuvirth without a rebound.
18:28 of 2nd period - Andy Miele wins face-off versus Cody Hodgson in Predators zone.
18:32 of 2nd period - Off-side.
18:33 of 2nd period - Cody Hodgson wins face-off versus Andy Miele in neutral zone.
18:36 of 2nd period - Alexander Ovechkin is hit by Blake Pietila and loses puck.
18:49 of 2nd period - Snap shot by Bobby Ryan.
18:49 of 2nd period - Shot Misses the Net.
Goals for this period are 1 for Predators vs 2 for Capitals.
Shots for this period are 8 for Predators vs 14 for Capitals.
3rd period
0:01 of 3rd period - Andy Miele wins face-off versus Nicklas Backstrom in neutral zone.
0:26 of 3rd period - Jack Eichel is hit by Blake Pietila and loses puck.
0:35 of 3rd period - Cody Hodgson is hit by Reilly Smith and loses puck.
0:52 of 3rd period - Nicolas Kerdiles is hit by Steve Downie and loses puck.
1:15 of 3rd period - Taylor Hall is hit by Alexander Ovechkin and loses puck.
1:59 of 3rd period - Wrist shot by Cody Hodgson.
1:59 of 3rd period - Stopped by Michal Neuvirth with a rebound.
2:07 of 3rd period - Minor Penalty to Markus Granlund for Hooking.
2:08 of 3rd period - Taylor Hall wins face-off versus Alexander Ovechkin in Predators zone.
2:09 of 3rd period - Snap shot by Patrick Kane.
2:09 of 3rd period - Deflect By Ryan Mcdonagh.
2:09 of 3rd period - Shot Misses the Net.
2:09 of 3rd period - Puck is out of play.
2:10 of 3rd period - Nicklas Backstrom wins face-off versus Alexander Ovechkin in Predators zone.
4:02 of 3rd period - Bobby Ryan is hit by Scott Laughton and loses puck.
4:07 of 3rd period - Penalty to Markus Granlund is over, Markus Granlund is back on ice.
4:17 of 3rd period - Wrist shot by Nicolas Kerdiles.
4:17 of 3rd period - Shot Blocked by Mike Green.
6:28 of 3rd period - Slapshot by Jujhar Khaira.
6:28 of 3rd period - Deflect By Steve Downie.
6:28 of 3rd period - Goal by Steve Downie - Predators : 1 - Capitals : 3.
6:29 of 3rd period - Jaden Schwartz wins face-off versus Nicklas Backstrom in neutral zone.
7:19 of 3rd period - Andreas Englund is hit by Patrick Kane and loses puck.
7:38 of 3rd period - Wrist shot by Reilly Smith.
7:38 of 3rd period - Stopped by Cory Schneider with a rebound.
7:40 of 3rd period - Wrist shot by Jaden Schwartz.
7:40 of 3rd period - Goal by Jaden Schwartz - Predators : 2 - Capitals : 3.
7:41 of 3rd period - Andy Miele wins face-off versus Cody Hodgson in neutral zone.
8:30 of 3rd period - Snap shot by Martin Marincin.
8:30 of 3rd period - Stopped by Michal Neuvirth without a rebound.
8:31 of 3rd period - Sergey Kalinin wins face-off versus Markus Granlund in Predators zone.
8:32 of 3rd period - Snap shot by Jeff Skinner.
8:32 of 3rd period - Shot Hit the Post.
9:34 of 3rd period - Snap shot by Cody Hodgson.
9:34 of 3rd period - Shot Misses the Net.
9:41 of 3rd period - Icing by Jaden Schwartz.
9:42 of 3rd period - Jujhar Khaira wins face-off versus Jack Eichel in Predators zone.
9:45 of 3rd period - Wrist shot by Taylor Hall.
9:45 of 3rd period - Stopped by Michal Neuvirth with a rebound.
10:13 of 3rd period - Snap shot by Mikael Granlund.
10:13 of 3rd period - Shot Blocked by Bobby Ryan.
10:15 of 3rd period - Snap shot by John Moore.
10:15 of 3rd period - Deflect By Alexander Ovechkin.
10:15 of 3rd period - Stopped by Cory Schneider without a rebound.
10:16 of 3rd period - Blake Pietila wins face-off versus Andy Miele in Capitals zone.
10:29 of 3rd period - Bobby Ryan is hit by Andy Miele and loses puck.
10:42 of 3rd period - Slapshot by Alexander Ovechkin.
10:42 of 3rd period - Stopped by Cory Schneider without a rebound.
10:43 of 3rd period - Nicklas Backstrom wins face-off versus Jack Eichel in Capitals zone.
11:06 of 3rd period - Minor Penalty to Andreas Englund for Hooking.
11:07 of 3rd period - Nicklas Backstrom wins face-off versus Alexander Ovechkin in Predators zone.
11:10 of 3rd period - Slapshot by Taylor Hall.
11:10 of 3rd period - Stopped by Michal Neuvirth without a rebound.
11:11 of 3rd period - Alexander Ovechkin wins face-off versus Nicklas Backstrom in Predators zone.
11:48 of 3rd period - Slapshot by John Moore.
11:48 of 3rd period - Stopped by Cory Schneider without a rebound.
11:49 of 3rd period - Cody Hodgson wins face-off versus Alexander Ovechkin in Capitals zone.
11:56 of 3rd period - Snap shot by Cody Hodgson.
11:56 of 3rd period - Stopped by Michal Neuvirth with a rebound.
12:10 of 3rd period - Mikael Granlund is hit by Patrick Kane and loses puck.
12:26 of 3rd period - Snap shot by Reilly Smith.
12:26 of 3rd period - Stopped by Cory Schneider with a rebound.
12:28 of 3rd period - Slapshot by Josh Morrissey.
12:28 of 3rd period - Shot Misses the Net.
12:30 of 3rd period - Snap shot by Justin Faulk.
12:30 of 3rd period - Stopped by Cory Schneider with a rebound.
12:32 of 3rd period - Slapshot by Jaden Schwartz.
12:32 of 3rd period - Stopped by Cory Schneider with a rebound.
13:03 of 3rd period - Blake Pietila is hit by Jaden Schwartz and loses puck.
13:06 of 3rd period - Penalty to Andreas Englund is over, Andreas Englund is back on ice.
13:15 of 3rd period - Slapshot by Reilly Smith.
13:15 of 3rd period - Stopped by Cory Schneider with a rebound.
13:25 of 3rd period - John Moore is hit by Jujhar Khaira and loses puck.
13:40 of 3rd period - Jeff Skinner is hit by Scott Laughton and loses puck.
14:17 of 3rd period - Minor Penalty to Jaden Schwartz for Tripping.
14:18 of 3rd period - Nicklas Backstrom wins face-off versus Alexander Ovechkin in Predators zone.
14:30 of 3rd period - Wrist shot by Taylor Hall.
14:30 of 3rd period - Stopped by Michal Neuvirth without a rebound.
14:31 of 3rd period - Patrick Kane wins face-off versus Alexander Ovechkin in Predators zone.
14:38 of 3rd period - Snap shot by Patrick Kane.
14:38 of 3rd period - Stopped by Michal Neuvirth without a rebound.
14:39 of 3rd period - Alexander Ovechkin wins face-off versus Nicklas Backstrom in Predators zone.
16:17 of 3rd period - Penalty to Jaden Schwartz is over, Jaden Schwartz is back on ice.
17:58 of 3rd period - Icing by Josh Morrissey.
17:59 of 3rd period - Jack Eichel wins face-off versus Nicklas Backstrom in Predators zone.
18:29 of 3rd period - Jujhar Khaira is hit by Mark Pysyk and loses puck.
18:34 of 3rd period - Snap shot by Nicolas Kerdiles.
18:34 of 3rd period - Shot Blocked by Jujhar Khaira.
18:58 of 3rd period - Reilly Smith is hit by Cody Hodgson and loses puck.
Goals for this period are 1 for Predators vs 1 for Capitals.
Shots for this period are 9 for Predators vs 8 for Capitals.